 Dungeon Crawl Stone Soup version 0.23.1-37-gaa34b87b72 (webtiles) character file.

Game seed: 9938172020033271693

1920 Cykl0x the Cleaver (level 8, -7/67 HPs)
             Began as a Minotaur Fighter on Mar 23, 2019.
             Was a Follower of Makhleb.
             Mangled by an orc warrior
             ... wielding a +2 short sword of electrocution
              (10 damage)
             ... on level 6 of the Dungeon.
             The game lasted 00:15:54 (4416 turns).

Cykl0x the Cleaver (Minotaur Fighter)               Turns: 4416, Time: 00:15:55

Health: -7/67      AC: 12    Str: 24    XL:     8   Next: 96%
Magic:  9/9        EV: 10    Int:  5    God:    Makhleb [*.....]
Gold:   181        SH: 16    Dex:  9    Spells: 7/7 levels left

rFire    . . .     SeeInvis .   a - +1 war axe
rCold    . . .     Gourm    .   x - +0 large shield
rNeg     . . .     Faith    .   c - +0 chain mail
rPois    .         Spirit   .   (helmet restricted)
rElec    .         Reflect  .   y - +1 cloak
rCorr    .         Harm     .   (no gloves)
MR       .....                  (no boots)
Stlth    ..........             v - amulet of regeneration
HPRegen  0.61/turn              o - +4 ring of evasion
MPRegen  0.11/turn              (no ring)

@: about to teleport
A: retaliatory headbutt, horns 2
a: Renounce Religion


You were on level 6 of the Dungeon.
You worshipped Makhleb.
Makhleb was aware of your devotion.
You were hungry.

You visited 2 branches of the dungeon, and saw 7 of its levels.

You collected 241 gold pieces.
You spent 60 gold pieces at shops.

Inventory:

Hand Weapons
 a - a +1 war axe (weapon)
Missiles
 l - 202 stones
 q - 2 javelins (quivered)
Armour
 c - a +0 chain mail (worn)
 x - a +0 large shield (worn)
 y - a +1 cloak (worn)
Jewellery
 o - a +4 ring of evasion (left hand)
 s - an uncursed amulet of rage
 v - an amulet of regeneration (around neck)
Scrolls
 g - a scroll of amnesia
 h - 3 scrolls of teleportation
 m - 6 scrolls of remove curse
 t - 3 scrolls of identify
 w - a scroll of fog
Potions
 d - 2 potions of might
 j - a potion of mutation
 k - 2 potions of brilliance
 n - 3 potions of flight
 p - a potion of lignification
 r - a potion of magic
 B - a potion of agility {unknown}
Comestibles
 f - 10 rations
 z - 7 chunks of flesh


   Skills:
 + Level 4.7 Fighting
 * Level 8.1 Axes
 * Level 3.9 Throwing
 + Level 5.7 Armour
 * Level 3.7 Dodging
 + Level 0.3 Stealth
 + Level 6.4 Shields
 * Level 1.8 Invocations
 * Level 3.4 Evocations


You had 7 spell levels left.
You didn't know any spells.
Your spell library was empty.

Dungeon Overview and Level Annotations

Branches:
Dungeon (6/15)             Temple (1/1) D:4

Altars:
Dithmenos
Elyvilon
Fedhas
Gozag
Kikubaaqudgha
Makhleb
Nemelex Xobeh
Okawaru
Qazlal
Ru
Trog
Wu Jian
Zin
The Shining One

Shops:
D:5 *

Annotations:
D:4 2 transporters


Innate Abilities, Weirdness & Mutations

You reflexively headbutt those who attack you in melee.
You have a pair of horns on your head.


Message History

Makhleb accepts your kill.
You closely miss the orc warrior.
The orc warrior hits you with a +2 short sword of electrocution!
* * * LOW HITPOINT WARNING * * *
You hit the orc warrior but do no damage.
The orc warrior is moderately wounded.
You block the orc warrior's attack. x2
You closely miss the orc warrior.
The orc warrior is moderately wounded.
You block the orc warrior's attack.
The orc warrior hits you with a +2 short sword of electrocution!
* * * LOW HITPOINT WARNING * * *
You are electrocuted!
* * * LOW HITPOINT WARNING * * *
You block the orc warrior's attack.
Okay, then.
As you read the scroll of teleportation, it crumbles to dust.
You feel strangely unstable. You block the orc warrior's attack.
The orc warrior hits you with a +2 short sword of electrocution!
You die...

.###......**,.........,,,,,*,**,,
.#.#......##*#.........,,,,****,,
##......##.###........,,,,,,,*,,,
##.#.......)#........#,,,**,,,,,,
.........[).....##...##,,,,,,,,,,
........#)###...#.....#,,,,,,,,,,
........#.####........,,,,,,,,,,,
............##.....##,,,,,,,,,,,,
.........[..#.#o@###*#,,,,,,,,,,,
............(...)#....,,,,,,,,,,,
............)(.........,,,,,,,,,,
............(.#........,,,,,,,,,,
.............†#........,,*,,,,,,,
..............#........,,***,,,,,
.......##.....#........*,,,,*,,,,
.......#...............*,,,,,,,,,
.......#<..............,,,,,,**,,


You could see an orc warrior (berserk).

Vanquished Creatures
  Sigmund (D:6)
  The ghost of harness the Vexing, an amateur SpEn (D:5)
  The ghost of Toshax the Conjurer, an amateur DrCj (D:3)
  Menkaure (D:4)
  Duvessa (D:4)
  A sky beast (D:5)
  An ice beast (D:6)
  An orc warrior (D:6)
  2 phantoms (D:5)
  An ogre (D:5)
  Dowan (D:4)
  2 howler monkeys
  3 crimson imps
  A centaur zombie (D:5)
  A bullfrog zombie (D:5)
  3 orc priests
  An orc wizard (D:5)
  An iguana (D:6)
  4 worker ants
  A hound skeleton (D:5)
  A worker ant zombie (D:6)
  3 gnolls (D:3)
  A howler monkey skeleton (D:4)
  3 adders
  2 shadow imps (D:5)
  4 oozes
  2 leopard geckos (D:1)
  18 orcs
  2 ball pythons
  9 bats
  3 giant cockroaches
  9 goblins
  6 hobgoblins
  3 jackals (D:6)
  7 frilled lizards
  A jackal skeleton (D:5)
  5 kobolds
  11 rats
119 creatures vanquished.

Notes
Turn   | Place    | Note
-------+----------+-------------------------------------------
     0 | D:1      | Cykl0x the Minotaur Fighter began the quest for the Orb.
     0 | D:1      | Reached XP level 1. HP: 19/19 MP: 0/0
   151 | D:1      | Reached XP level 2. HP: 23/27 MP: 1/1
   602 | D:1      | Reached skill level 1 in Dodging
   602 | D:1      | Reached XP level 3. HP: 33/33 MP: 2/2
   719 | D:1      | Reached skill level 3 in Axes
  1205 | D:2      | Reached skill level 1 in Throwing
  1881 | D:3      | Reached XP level 4. HP: 40/40 MP: 3/3
  1893 | D:3      | Found an iron altar of Okawaru.
  2019 | D:3      | Found a runed translucent door.
  2044 | D:3      | Noticed Toshax's ghost (amateur DrCj)
  2056 | D:3      | Killed Toshax's ghost
  2056 | D:3      | Reached skill level 4 in Axes
  2056 | D:3      | Reached skill level 1 in Evocations
  2056 | D:3      | Reached XP level 5. HP: 24/46 MP: 4/4
  2295 | D:3      | Reached XP level 6. HP: 52/52 MP: 5/5
  2567 | D:4      | Found a transporter.
  2583 | D:4      | Found a transporter.
  2670 | D:4      | Noticed Duvessa
  2670 | D:4      | Noticed Dowan
  2678 | D:4      | Killed Duvessa
  2678 | D:4      | Reached skill level 5 in Axes
  2700 | D:4      | Killed Dowan
  2741 | D:4      | Found a staircase to the Ecumenical Temple.
  2762 | Temple   | Entered the Ecumenical Temple
  2786 | Temple   | Became a worshipper of Makhleb the Destroyer
  2811 | D:4      | Noticed Menkaure
  2816 | D:4      | Killed Menkaure
  2816 | D:4      | Reached skill level 5 in Shields
  2816 | D:4      | Reached XP level 7. HP: 55/59 MP: 7/7
  2971 | D:4      | Found a white marble altar of Elyvilon.
  3294 | D:5      | Entered Level 5 of the Dungeon
  3296 | D:5      | Found Lutir Hum's General Store.
  3311 | D:5      | Bought a scroll of identify for 30 gold pieces
  3311 | D:5      | Bought a scroll of identify for 30 gold pieces
  3347 | D:5      | Reached skill level 6 in Axes
  3421 | D:5      | Got a spiked ring mail
  3432 | D:5      | Identified the +0 ring mail "Wuosamne" {rF- rC+ rN++ MR-}
                  | (You found it on level 5 of the Dungeon)
  3535 | D:5      | Reached XP level 8. HP: 60/67 MP: 8/8
  3675 | D:5      | Found a glowing golden altar of the Shining One.
  3676 | D:5      | Found an ornate altar of the Wu Jian Council.
  3718 | D:5      | Reached skill level 7 in Axes
  3870 | D:5      | Reached skill level 5 in Armour
  3899 | D:5      | Noticed harness's ghost (amateur SpEn)
  3900 | D:5      | Found a runed translucent door.
  3956 | D:5      | Killed harness's ghost
  4175 | D:5      | Reached * piety under Makhleb
  4323 | D:6      | Noticed Sigmund
  4338 | D:6      | Reached skill level 1 in Invocations
  4343 | D:6      | Killed Sigmund
  4343 | D:6      | Reached skill level 8 in Axes
  4412 | D:6      | HP: 1/67 [orc warrior/+2 short sword of electrocution (9)]
  4416 | D:6      | Mangled by an orc warrior

Skill      XL: |  1  2  3  4  5  6  7  8 |
---------------+-------------------------+-----
Dodging        | 1 2 3 |  3.7
Axes           | 3 4 5 6 8 |  8.1
Shields        | 4 5 6 |  6.4
Throwing       | 1 2 3 |  3.9
Armour         | 4 5 |  5.7
Fighting       | 4 |  4.7
Evocations     | 1 2 3 |  3.4
Invocations    | 1 |  1.8
Stealth        | |  0.3

Action                   |  1- 3 |  4- 6 |  7- 9 || total
-------------------------+-------+-------+-------++-------
Melee: War axe           |    71 |    69 |   175 ||   315
       Headbutt          |    11 |    15 |    28 ||    54
Throw: Stone             |    40 |    13 |    19 ||    72
       Javelin           |       |       |     2 ||     2
  Use: Scroll            |     9 |     1 |     9 ||    19
       Potion            |       |     1 |     2 ||     3
  Eat: Chunk             |     3 |     3 |     5 ||    11
Armor: Scale mail        |    45 |    20 |       ||    65
       Chain mail        |       |       |    52 ||    52
Dodge: Dodged            |    29 |    25 |    52 ||   106
Block: Shield            |    69 |    24 |       ||    93
       Large shield      |       |    27 |   131 ||   158
